| TOP OF THE 1ST |
|
Pennsylvania State University Nittany Lions batting - Pitching for Washington State University Cougars : RHP Danny Clarke
|
|
Pitching: RHP Danny Clarke
|
|
|
Batting: RHB Chris Trites
|
0-0: Ball 1-0: Foul Ball, location: 2F 1-1: Called Strike 1-2: Foul Ball, location: 2F 1-2: SOLO HOME RUN (Flyball, 78XD, EV 116.3 MPH), Distance : 448 ft
|
|
Batting: RHB Ben Burkholder
|
0-0: Ball 1-0: Swinging Strike 1-1: Ball 2-1: Fly out, F9 (Line Drive, 9D, EV 88.1 MPH)
|
|
Batting: RHB Julian Gregory
|
0-0: Ball 1-0: Called Strike 1-1: DOUBLE (Line Drive, 8RXD, EV 110.6 MPH)
|
|
Batting: LHB Tyler Francis
|
0-0: Fly out, F9 (Line Drive, 9, EV 92.5 MPH)
|
|
Batting: RHB Tim Long
|
0-0: Ground out 5-3 (Groundball, 56S, EV 68.1 MPH)
|
| Top of the 1st over - 1 run, 2 hits, 0 errors, 1 left on base; Pennsylvania State University 1 - Washington State University 0 |
| BOTTOM OF THE 1ST |
|
Washington State University Cougars batting - Pitching for Pennsylvania State University Nittany Lions : RHP Jorge Castaneda
|
|
Pitching: RHP Jorge Castaneda
|
|
|
Batting: RHB Gebre-Giorgios Wangondu
|
0-0: Ball 1-0: Called Strike 1-1: Ground out 5-3 (Groundball, 5, EV 100.6 MPH)
|
|
Batting: RHB Melvin Durland
|
0-0: Foul Ball, location: 2F 0-1: Foul Ball, location: 2F 0-2: Ball 1-2: Strikes out looking
|
|
Batting: SHB Salvador Padilla
|
0-0: Foul Ball, location: 2F 0-1: Ball 1-1: Ball 2-1: Ground out U3 (Groundball, 3L, EV 106.9 MPH)
|
| Bottom of the 1st over - 0 runs, 0 hits, 0 errors, 0 left on base; Pennsylvania State University 1 - Washington State University 0 |
| TOP OF THE 2ND |
|
Pennsylvania State University Nittany Lions batting - Pitching for Washington State University Cougars : RHP Danny Clarke
|
|
Batting: LHB Angel Oropeza
|
0-0: Called Strike 0-1: Swinging Strike 0-2: Ball 1-2: Foul Ball, location: 2F 1-2: Fly out, F8 (Flyball, 78M, EV 88.8 MPH)
|
|
Batting: RHB Eric Wiss
|
0-0: Foul Ball, location: 2F 0-1: Foul Ball, location: 2F 0-2: Ball 1-2: Foul Ball, location: 2F 1-2: Strikes out swinging
|
|
Batting: RHB Ethan Finke
|
0-0: Ball 1-0: Swinging Strike 1-1: Ground out 6-3 (Groundball, P, EV 79.4 MPH)
|
| Top of the 2nd over - 0 runs, 0 hits, 0 errors, 0 left on base; Pennsylvania State University 1 - Washington State University 0 |
| BOTTOM OF THE 2ND |
|
Washington State University Cougars batting - Pitching for Pennsylvania State University Nittany Lions : RHP Jorge Castaneda
|
|
Batting: LHB Josh Aerni
|
0-0: Called Strike 0-1: Called Strike 0-2: Ball 1-2: Foul Ball, location: 2F 1-2: Ground out 6-3 (Groundball, 6, EV 88.1 MPH)
|
|
Batting: RHB Makoto Narita
|
0-0: Called Strike 0-1: Called Strike 0-2: Strikes out swinging
|
|
Batting: SHB Steve DeRienzo
|
0-0: Ball 1-0: Ball 2-0: Ground out 3-1 (Groundball, 34, EV 91.9 MPH)
|
| Bottom of the 2nd over - 0 runs, 0 hits, 0 errors, 0 left on base; Pennsylvania State University 1 - Washington State University 0 |
| TOP OF THE 3RD |
|
Pennsylvania State University Nittany Lions batting - Pitching for Washington State University Cougars : RHP Danny Clarke
|
|
Batting: RHB Luke Vaccarino
|
0-0: Ball 1-0: Ball 2-0: Ground out 4-3 (Groundball, 4, EV 83.8 MPH)
|
|
Batting: RHB Chris Trites
|
0-0: Called Strike 0-1: Foul Ball, location: 2F 0-2: Foul Ball, location: 2F 0-2: Ball 1-2: Ball 2-2: Ball 3-2: Foul Ball, location: 2F 3-2: Foul Ball, location: 2F 3-2: Foul Ball, location: 2F 3-2: Foul Ball, location: 2F 3-2: Ground out 6-3 (Groundball, 6, EV 81.9 MPH)
|
|
Batting: RHB Ben Burkholder
|
0-0: Ball 1-0: Ball 2-0: Called Strike 2-1: Foul Ball, location: 2F 2-2: Foul Ball, location: 2F 2-2: Foul Ball, location: 2F 2-2: Fly out, F7 (Flyball, 7D, EV 96.9 MPH)
|
| Top of the 3rd over - 0 runs, 0 hits, 0 errors, 0 left on base; Pennsylvania State University 1 - Washington State University 0 |
| BOTTOM OF THE 3RD |
|
Washington State University Cougars batting - Pitching for Pennsylvania State University Nittany Lions : RHP Jorge Castaneda
|
|
Batting: RHB David Martin
|
0-0: Foul Ball, location: 2F 0-1: Foul Ball, location: 2F 0-2: Fly out, F8 (Flyball, 8RXD, EV 110.6 MPH)
|
|
Batting: RHB Johnny Lowe
|
0-0: Swinging Strike 0-1: SINGLE (Line Drive, 8LS, EV 108.8 MPH)
|
|
Batting: RHB Alex Arzate
|
0-0: SINGLE (Groundball, 56D, EV 104.4 MPH) Johnny Lowe to second
|
|
Batting: RHB Gebre-Giorgios Wangondu
|
0-0: Ball 1-0: SINGLE (Line Drive, 34, EV 107.5 MPH) Johnny Lowe to third Alex Arzate to second
|
|
Batting: RHB Melvin Durland
|
0-0: Ball 1-0: Ball 2-0: Ball 3-0: Called Strike 3-1: Foul Ball, location: 2F 3-2: Fly out, F4 (Popup, 4M, EV 56.3 MPH)
|
|
Batting: SHB Salvador Padilla
|
0-0: Ball 1-0: Ground out 4-3 (Groundball, 4D, EV 110.0 MPH)
|
| Bottom of the 3rd over - 0 runs, 3 hits, 0 errors, 3 left on base; Pennsylvania State University 1 - Washington State University 0 |
| TOP OF THE 4TH |
|
Pennsylvania State University Nittany Lions batting - Pitching for Washington State University Cougars : RHP Danny Clarke
|
|
Batting: RHB Julian Gregory
|
0-0: Foul Ball, location: 2F 0-1: Foul Ball, location: 2F 0-2: Ball 1-2: Ball 2-2: Ball 3-2: Ground out 6-3 (Groundball, 6M, EV 90.0 MPH)
|
|
Batting: LHB Tyler Francis
|
0-0: Ball 1-0: Swinging Strike 1-1: Foul Ball, location: 2F 1-2: Foul Ball, location: 2F 1-2: Foul Ball, location: 2F 1-2: Foul Ball, location: 2F 1-2: SINGLE (Line Drive, 34D, EV 102.5 MPH)
|
|
Batting: RHB Tim Long
|
0-0: Ball 1-0: Grounds into double play, 6-4-3 (Groundball, 6, EV 87.5 MPH)
|
| Top of the 4th over - 0 runs, 1 hit, 0 errors, 0 left on base; Pennsylvania State University 1 - Washington State University 0 |
| BOTTOM OF THE 4TH |
|
Washington State University Cougars batting - Pitching for Pennsylvania State University Nittany Lions : RHP Jorge Castaneda
|
|
Batting: LHB Josh Aerni
|
0-0: Called Strike 0-1: Ground out U3 (Groundball, 3S, EV 91.3 MPH)
|
|
Batting: RHB Makoto Narita
|
0-0: Ball 1-0: Ball 2-0: Foul Ball, location: 2F 2-1: SOLO HOME RUN (Flyball, 7LD, EV 97.5 MPH), Distance : 350 ft
|
|
Batting: SHB Steve DeRienzo
|
0-0: Foul Ball, location: 2F 0-1: Ball 1-1: Ball 2-1: Ball 3-1: Base on Balls
|
|
Batting: RHB David Martin
|
0-0: Called Strike 0-1: Ball 1-1: Ball 2-1: Ball 3-1: Base on Balls Steve DeRienzo to second
|
|
Batting: RHB Johnny Lowe
|
0-0: Ball 1-0: Ball 2-0: Fielders Choice at 2nd, 5-4 (Groundball, 56, EV 82.5 MPH) Steve DeRienzo to third
|
|
Batting: RHB Alex Arzate
|
0-0: Fly out, F9 (Flyball, 9, EV 92.5 MPH)
|
| Bottom of the 4th over - 1 run, 1 hit, 0 errors, 2 left on base; Pennsylvania State University 1 - Washington State University 1 |
| TOP OF THE 5TH |
|
Pennsylvania State University Nittany Lions batting - Pitching for Washington State University Cougars : RHP Danny Clarke
|
|
Batting: LHB Angel Oropeza
|
0-0: Ball 1-0: Called Strike 1-1: Swinging Strike 1-2: Strikes out swinging
|
|
Batting: RHB Eric Wiss
|
0-0: SINGLE (Flyball, 8LS, EV 91.3 MPH)
|
|
Batting: RHB Ethan Finke
|
0-0: Ball 1-0: Foul Ball, location: 2F 1-1: DOUBLE (Groundball, 5L, EV 100.6 MPH) Eric Wiss to third
|
|
Batting: RHB Luke Vaccarino
|
0-0: Foul Ball, location: 2F 0-1: Ball 1-1: Ball 2-1: Ground out 5-3 (Groundball, 56, EV 106.9 MPH) Eric Wiss scores
|
|
Pitching: RHP Jordan Wyatt
|
|
|
Batting: RHB Chris Trites
|
0-0: Ball 1-0: Ball 2-0: Swinging Strike 2-1: Ball 3-1: Foul Ball, location: 2F 3-2: Base on Balls
|
|
Batting: RHB Ben Burkholder
|
0-0: Ball 1-0: Ball 2-0: Ball 3-0: Called Strike 3-1: SINGLE (Groundball, 6D, EV 102.5 MPH) Ethan Finke to third Chris Trites to second Runner from 3rd tries for Home, SAFE, throw by LF to home
|
|
Batting: RHB Julian Gregory
|
0-0: Ball 1-0: Foul Ball, location: 2F 1-1: Swinging Strike 1-2: Foul Ball, location: 2F 1-2: Fly out, F8 (Line Drive, 8LM, EV 108.8 MPH)
|
| Top of the 5th over - 2 runs, 3 hits, 0 errors, 2 left on base; Pennsylvania State University 3 - Washington State University 1 |
| BOTTOM OF THE 5TH |
|
Washington State University Cougars batting - Pitching for Pennsylvania State University Nittany Lions : RHP Jorge Castaneda
|
|
Batting: RHB Gebre-Giorgios Wangondu
|
0-0: SINGLE (Groundball, 56, EV 98.1 MPH) (infield hit)
|
|
Batting: RHB Melvin Durland
|
0-0: Called Strike 0-1: Ball Gebre-Giorgios Wangondu steals 2nd base 1-1: Foul Ball, location: 2F 1-2: Ball 2-2: SINGLE (Groundball, 56D, EV 102.5 MPH) Gebre-Giorgios Wangondu to third
|
|
Batting: SHB Salvador Padilla
|
0-0: Ball 1-0: Ball 2-0: DOUBLE (Line Drive, 7LD, EV 103.8 MPH) Gebre-Giorgios Wangondu scores Melvin Durland to third
|
|
Batting: LHB Josh Aerni
|
0-0: Ball 1-0: Ball 2-0: Ground out 6-3 (Groundball, 6, EV 91.3 MPH) Melvin Durland scores
|
|
Batting: RHB Makoto Narita
|
0-0: Ball 1-0: Called Strike 1-1: Foul Ball, location: 2F 1-2: Ball 2-2: Strikes out swinging
|
|
Pitching: RHP Edwin Marquez
|
|
|
Batting: SHB Steve DeRienzo
|
0-0: Called Strike 0-1: Ball 1-1: Called Strike 1-2: Foul Ball, location: 2F 1-2: Ball 2-2: Ball 3-2: Foul Ball, location: 2F 3-2: Ground out U3 (Groundball, 3S, EV 61.9 MPH)
|
| Bottom of the 5th over - 2 runs, 3 hits, 0 errors, 1 left on base; Pennsylvania State University 3 - Washington State University 3 |
| TOP OF THE 6TH |
|
Pennsylvania State University Nittany Lions batting - Pitching for Washington State University Cougars : RHP Jordan Wyatt
|
|
Batting: LHB Tyler Francis
|
0-0: Ball 1-0: Called Strike 1-1: Foul Ball, location: 2F 1-2: Foul Ball, location: 2F 1-2: Foul Ball, location: 2F 1-2: Ground out 4-3 (Groundball, 34, EV 86.3 MPH)
|
|
Batting: RHB Tim Long
|
0-0: Ball 1-0: Ball 2-0: Hit by Pitch
|
|
Batting: LHB Angel Oropeza
|
0-0: Grounds into double play, 4-6-3 (Groundball, 4, EV 85.0 MPH)
|
| Top of the 6th over - 0 runs, 0 hits, 0 errors, 0 left on base; Pennsylvania State University 3 - Washington State University 3 |
| BOTTOM OF THE 6TH |
|
Washington State University Cougars batting - Pitching for Pennsylvania State University Nittany Lions : RHP Edwin Marquez
|
|
Batting: RHB David Martin
|
0-0: Ball 1-0: Foul Ball, location: 2F 1-1: Fly out, F4 (Popup, 34S, EV 88.1 MPH)
|
|
Batting: RHB Johnny Lowe
|
0-0: DOUBLE (Line Drive, 9LS, EV 88.1 MPH)
|
|
Batting: RHB Alex Arzate
|
0-0: Ground out U3 (Groundball, 13, EV 92.5 MPH) Johnny Lowe to third
|
|
Batting: RHB Gebre-Giorgios Wangondu
|
0-0: Ball 1-0: Ball 2-0: Ball 3-0: Foul Ball, location: 2F 3-1: Foul Ball, location: 2F 3-2: Foul Ball, location: 2F 3-2: Base on Balls
|
|
Batting: RHB Melvin Durland
|
0-0: Called Strike 0-1: Ball 1-1: Foul Ball, location: 2F 1-2: Strikes out swinging
|
| Bottom of the 6th over - 0 runs, 1 hit, 0 errors, 2 left on base; Pennsylvania State University 3 - Washington State University 3 |
| TOP OF THE 7TH |
|
Pennsylvania State University Nittany Lions batting - Pitching for Washington State University Cougars : RHP Jordan Wyatt
|
|
Pitching: RHP Juan Luna
|
|
|
Batting: RHB Eric Wiss
|
0-0: Ball 1-0: Foul Ball, location: 2F 1-1: SINGLE (Groundball, 13S, EV 65.6 MPH) (infield hit)
|
|
Batting: RHB Ethan Finke
|
0-0: Ball 1-0: Ball 2-0: Called Strike 2-1: Ball 3-1: Base on Balls Eric Wiss to second
|
|
Batting: RHB Luke Vaccarino
|
0-0: Ball 1-0: Ball 2-0: Foul Ball, location: 2F 2-1: Bunt missed! 2-2: Fly out, F4 (Popup, 34D, EV 41.3 MPH)
|
|
Batting: RHB Chris Trites
|
0-0: Ball Eric Wiss steals 3rd base Ethan Finke to second 1-0: Reached on error, E7 (Flyball, 7S, EV 94.4 MPH) Eric Wiss scores Ethan Finke to third
|
|
Batting: RHB Ben Burkholder
|
0-0: Ball 1-0: Ball 2-0: Fly out, F7 (Line Drive, 7, EV 87.5 MPH) Runner from 3rd tags up, SCORES, throw by LF
|
|
Batting: RHB Julian Gregory
|
0-0: Ball 1-0: Fly out, F8 (Line Drive, 8RM, EV 101.9 MPH)
|
| Top of the 7th over - 2 runs, 1 hit, 1 error, 1 left on base; Pennsylvania State University 5 - Washington State University 3 |
| BOTTOM OF THE 7TH |
|
Washington State University Cougars batting - Pitching for Pennsylvania State University Nittany Lions : RHP Edwin Marquez
|
|
Pitching: LHP Pat Mena
|
|
|
Batting: SHB Salvador Padilla
|
0-0: Called Strike 0-1: Ground out U3 (Groundball, 3L, EV 87.5 MPH)
|
|
Batting: LHB Josh Aerni
|
0-0: Called Strike 0-1: Ball 1-1: Fly out, F8 (Flyball, 8RXD, EV 75.0 MPH)
|
|
Batting: RHB Makoto Narita
|
0-0: Ball 1-0: Swinging Strike 1-1: Foul Ball, location: 2F 1-2: Ball 2-2: Fly out, F8 (Flyball, 8RM, EV 93.1 MPH)
|
| Bottom of the 7th over - 0 runs, 0 hits, 0 errors, 0 left on base; Pennsylvania State University 5 - Washington State University 3 |
| TOP OF THE 8TH |
|
Pennsylvania State University Nittany Lions batting - Pitching for Washington State University Cougars : RHP Juan Luna
|
|
Pitching: RHP Nate Woodard
|
|
|
Batting: LHB Tyler Francis
|
0-0: Reached on error, E4 (Groundball, 34, EV 105.0 MPH)
|
|
Batting: RHB Tim Long
|
0-0: SINGLE (Groundball, 6MD, EV 103.1 MPH) Tyler Francis to second
|
|
Batting: LHB Angel Oropeza
|
0-0: Called Strike 0-1: Ball 1-1: Swinging Strike 1-2: Strikes out looking
|
|
Batting: RHB Eric Wiss
|
0-0: Ball 1-0: Called Strike 1-1: Fly out, F4 (Flyball, 4MD, EV 88.8 MPH)
|
|
Batting: RHB Ethan Finke
|
0-0: Called Strike 0-1: Ball 1-1: Ball 2-1: Foul Ball, location: 2F 2-2: Foul Ball, location: 2F 2-2: Foul Ball, location: 2F 2-2: Fly out, F7 (Flyball, 7, EV 81.3 MPH)
|
| Top of the 8th over - 0 runs, 1 hit, 1 error, 2 left on base; Pennsylvania State University 5 - Washington State University 3 |
| BOTTOM OF THE 8TH |
|
Washington State University Cougars batting - Pitching for Pennsylvania State University Nittany Lions : LHP Pat Mena
|
|
Batting: SHB Steve DeRienzo
|
0-0: Called Strike 0-1: Called Strike 0-2: Foul Ball, location: 2F 0-2: Ground out U3 (Groundball, 34, EV 79.4 MPH)
|
|
Batting: RHB David Martin
|
0-0: Ball 1-0: Swinging Strike 1-1: Foul Ball, location: 2F 1-2: Ground out 4-3 (Groundball, 4, EV 92.5 MPH)
|
|
Batting: RHB Johnny Lowe
|
0-0: Ball 1-0: Ball 2-0: Called Strike 2-1: Ground out 5-3 (Groundball, 56, EV 85.6 MPH)
|
| Bottom of the 8th over - 0 runs, 0 hits, 0 errors, 0 left on base; Pennsylvania State University 5 - Washington State University 3 |
| TOP OF THE 9TH |
|
Pennsylvania State University Nittany Lions batting - Pitching for Washington State University Cougars : RHP Nate Woodard
|
|
Pitching: RHP Jonathan Fritzinger
|
|
|
Batting: RHB Luke Vaccarino
|
0-0: Ball 1-0: Foul Ball, location: 2F 1-1: SINGLE (Line Drive, 9LS, EV 98.8 MPH)
|
|
Batting: RHB Chris Trites
|
0-0: Called Strike 0-1: Sac Bunt to 23 - play at first, batter OUT! 3-4 Luke Vaccarino to second
|
|
Batting: RHB Ben Burkholder
|
0-0: Foul Ball, location: 2F 0-1: Called Strike 0-2: Ball 1-2: Strikes out swinging
|
|
Batting: RHB Julian Gregory
|
0-0: Fly out, F3 (Popup, 3F, EV 57.5 MPH)
|
| Top of the 9th over - 0 runs, 1 hit, 0 errors, 1 left on base; Pennsylvania State University 5 - Washington State University 3 |
| BOTTOM OF THE 9TH |
|
Washington State University Cougars batting - Pitching for Pennsylvania State University Nittany Lions : LHP Pat Mena
|
|
Pitching: LHP Nick Burnstein
|
|
|
Batting: RHB Alex Arzate
|
0-0: Ball 1-0: SINGLE (Flyball, 8LS, EV 93.1 MPH)
|
|
Batting: RHB Gebre-Giorgios Wangondu
|
0-0: Ball 1-0: Fly out, F9 (Flyball, 9, EV 88.1 MPH)
|
|
Batting: RHB Melvin Durland
|
0-0: Ball 1-0: Swinging Strike 1-1: Called Strike 1-2: Strikes out looking
|
|
Batting: SHB Salvador Padilla
|
0-0: Ball 1-0: Foul Ball, location: 2F 1-1: Ball 2-1: Fly out, F9 (Flyball, 89S, EV 83.8 MPH)
|
| Bottom of the 9th over - 0 runs, 1 hit, 0 errors, 1 left on base; Pennsylvania State University 5 - Washington State University 3 |
|